 Dungeon Crawl Stone Soup version 0.30.0-5-g1a98f26d00 (webtiles) character file.

Game seed: 8407680553672823872

2650 Edyrem the Basher (level 9, -2/79 HPs)
             Began as a Minotaur Monk on May 10, 2023.
             Was a Believer of the Shining One.
             Shot with an arrow by a centaur (6 damage)
             ... while paralysed by a centaur
             ... on level 8 of the Dungeon.
             The game lasted 00:17:34 (7517 turns).

Edyrem the Basher (Minotaur Monk)                   Turns: 7517, Time: 00:17:34

Health: -2/79      AC: 15    Str: 20    XL:     9   Next: 36%
Magic:  8/8        EV:  2    Int:  7    God:    the Shining One [**....]
Gold:   306        SH:  0    Dex: 19    Spells: 8/8 levels left

rFire   . . .        a - +0 flail
rCold   + . .        n - +0 kite shield
rNeg    + . .        l - +0 plate armour
rPois   .            (helmet restricted)
rElec   .            (no cloak)
rCorr   .            z - +0 pair of gloves
SInv    .            j - +0 pair of boots
Will    .....        (no amulet) Stlth
                     B - +6 ring of dexterity
HPRegen 0.33/turn    D - ring of protection from cold
MPRegen 0.11/turn

%: no passive effects
@: paralysed, glowing
A: horns 2, retaliatory headbutt
a: Renounce Religion, Divine Shield


You were on level 8 of the Dungeon.
You worshipped the Shining One.
The Shining One was pleased with you.
You visited 2 branches of the dungeon, and saw 9 of its levels.

You collected 371 gold pieces.
You spent 65 gold pieces at shops.

Inventory:

Hand Weapons
 a - a +0 flail (weapon)
 b - a +0 war axe
 h - a +0 sling
 F - a +1 dire flail of protection
Missiles
 s - 14 poisoned darts (quivered)
 C - 5 boomerangs
Armour
 d - an orb of light
 j - a +0 pair of boots (worn)
 l - a +0 plate armour (worn)
 n - a +0 kite shield (worn)
 z - a +0 pair of gloves (worn)
Jewellery
 w - an amulet of magic regeneration
 B - a +6 ring of dexterity (left hand)
 D - a ring of protection from cold (right hand)
Wands
 y - a wand of paralysis (11)
 E - a wand of flame (3)
Scrolls
 f - 4 scrolls of amnesia
 i - 9 scrolls of identify {@r1}
 m - 2 scrolls of fear
 p - a scroll of silence {unknown}
 G - a scroll of vulnerability {unknown}
 H - a scroll of brand weapon {unknown}
 I - a scroll of poison {unknown}
Potions
 c - 2 potions of ambrosia
 e - 3 potions of flight {unknown}
 g - 3 potions of degeneration {unknown}
 k - 3 potions of curing {@q2}
 o - a potion of berserk rage {unknown}
 q - a potion of mutation {unknown}
 r - 2 potions of brilliance {unknown}
 t - 3 potions of heal wounds {@q1}
 u - a potion of haste {unknown}
 v - a potion of lignification {unknown}
 x - 2 potions of might {unknown}
 A - a potion of invisibility {unknown}


   Skills:
 + Level 7.3 Fighting
 - Level 12.0 Maces & Flails
 * Level 5.7 Armour
 - Level 3.2 Dodging
 * Level 5.0 Shields


You had 8 spell levels left.
You didn't know any spells.
Your spell library contained the following spells:

 Spells                   Type           Power      Damage    Failure   Level
 Freeze                   Ice            0%         1d3       100%        1
 Ensorcelled Hibernation  Hex/Ice        0%         N/A       100%        2
 Frozen Ramparts          Ice            0%         1d1       100%        3
 Hailstorm                Conj/Ice       0%         3d3       100%        3
 Spider Form              Tmut/Pois      0%         N/A       100%        3
 Anguish                  Hex/Necr       0%         N/A       100%        4


Dungeon Overview and Level Annotations

Branches:
Dungeon (8/15)             Temple (1/1) D:7            Lair (0/5) D:8

Altars:
Ashenzari
Cheibriados
Dithmenos
Elyvilon
Fedhas
Gozag
Hepliaklqana
Kikubaaqudgha
Makhleb
Okawaru
Qazlal
Ru
Sif Muna
Trog
Uskayaw
Vehumet
Wu Jian
Xom
Yredelemnul
Zin
The Shining One

Shops:
D:3 !   D:5 [   D:7 *[=


Innate Abilities, Weirdness & Mutations

You have a pair of horns on your head.
You reflexively headbutt those who attack you in melee.


Message History

You kill the hound!
Your Shields skill increases to level 5!
A centaur comes into view.
The centaur moves out of view.
Okay, then.
Search for what [? for help]? shield Unknown command.
Your +1 dire flail of protection goes still.
a - a +0 flail (weapon)
Okay, then.
You start putting on your armour.
You continue putting on your +0 kite shield. x4
You finish putting on your +0 kite shield.
You hear the slow hiss of a distant avalanche of sand.
A centaur comes into view. It is carrying a wand of paralysis (6).
You are too injured to fight recklessly!
You are too injured to fight recklessly!
The centaur shouts!
The centaur wields a +0 shortbow.
The centaur shoots an arrow.
The arrow completely misses you.
You enter the shallow water.
Moving in this stuff is going to be slow.
An electric eel comes into view.
The centaur zaps a wand.
You easily resist.
The centaur shoots an arrow.
You block the arrow.
An electric eel comes into view.
The electric eel shoots out a bolt of lightning at you!
The bolt of electricity hits you!
The centaur zaps a wand.
You suddenly lose the ability to move!
The centaur shoots an arrow.
The arrow hits you!
* * * LOW HITPOINT WARNING * * *
The electric eel shoots out a bolt of lightning at you!
The bolt of electricity hits you!
* * * LOW HITPOINT WARNING * * *
The centaur zaps a wand.
You easily resist.
The electric eel shoots out a bolt of lightning at you!
The bolt of electricity hits you.
* * * LOW HITPOINT WARNING * * *
The centaur shoots an arrow.
The arrow hits you.
You die...

#....~~~~.~.~≈
#.....~≈~≈~.~S
#.....~≈≈≈~.~~
#.....≈≈~~.~≈
#...c≈~~..S.
#..~≈~.~.~~
#..~≈~.~..~
#~~@~~....~
#.~~~.~.>.~
#.†≈~~[...~
##.†≈~~.≈.~.
###....~≈≈~~~~
#......≈≈~≈≈≈≈
#.##..~~~~.~≈≈
##.##....~.~~~≈
##..##.~....~.~


You could see a centaur and 2 electric eels.

Vanquished Creatures
  A troll (D:8)
  Sigmund (D:4)
  Edmund (D:6)
  Duvessa (D:6)
  A black bear (D:7)
  An ice beast (D:6)
  3 ogres
  A wolf (D:8)
  A centaur (D:6)
  2 kobold brigands (D:3)
  Blork the orc (D:6)
  A bullfrog (D:6)
  4 scorpions
  Dowan (D:6)
  An electric eel (D:8)
  4 jellies
  2 orc priests
  9 hounds
  4 iguanas
  6 orc wizards
  8 adders
  2 shadow imps
  A white imp (D:7)
  An ufetubus (D:6)
  2 worms (D:3)
  4 dart slugs
  14 orcs
  3 ball pythons
  5 endoplasms
  A giant cockroach (D:4)
  6 goblins
  7 hobgoblins
  2 quokkas
  4 bats
  2 frilled lizards (D:2)
  16 kobolds
  8 rats
132 creatures vanquished.

Notes
Turn   | Place    | Note
-------+----------+-------------------------------------------
     0 | D:1      | Edyrem the Minotaur Monk began the quest for the Orb.
     0 | D:1      | Reached XP level 1. HP: 19/19 MP: 0/0
   160 | D:1      | Reached skill level 4 in Maces & Flails
   160 | D:1      | Reached XP level 2. HP: 24/27 MP: 1/1
   474 | D:1      | Found a faded altar of an unknown god.
   853 | D:2      | Reached XP level 3. HP: 28/34 MP: 2/2
  1053 | D:2      | Reached skill level 1 in Armour
  1287 | D:2      | Reached XP level 4. HP: 41/41 MP: 3/3
  1618 | D:3      | Reached skill level 5 in Fighting
  1618 | D:3      | Reached skill level 5 in Maces & Flails
  1743 | D:3      | Reached XP level 5. HP: 37/48 MP: 4/4
  1930 | D:3      | Reached skill level 6 in Maces & Flails
  1930 | D:3      | Reached XP level 6. HP: 45/57 MP: 5/5
  2111 | D:3      | Found Yreloawnon's Distillery.
  2119 | D:3      | Bought a potion of heal wounds for 65 gold pieces
  2818 | D:4      | Noticed Sigmund
  2832 | D:4      | Killed Sigmund
  2833 | D:4      | Reached skill level 7 in Maces & Flails
  2833 | D:4      | Reached XP level 7. HP: 51/63 MP: 6/6
  3046 | D:5      | Entered Level 5 of the Dungeon
  3126 | D:5      | Reached skill level 8 in Maces & Flails
  3780 | D:5      | Reached skill level 9 in Maces & Flails
  3899 | D:5      | Found Lidoak's Armour Shop.
  4512 | D:6      | Reached skill level 10 in Maces & Flails
  4512 | D:6      | Reached XP level 8. HP: 38/70 MP: 7/7
  4734 | D:6      | Noticed Blork the orc
  4741 | D:6      | Killed Blork the orc
  4817 | D:6      | Noticed Duvessa
  4818 | D:6      | Noticed Dowan
  4836 | D:6      | Killed Duvessa
  4837 | D:6      | Reached skill level 11 in Maces & Flails
  4844 | D:6      | Killed Dowan
  5205 | D:6      | Reached skill level 12 in Maces & Flails
  5357 | D:6      | Reached skill level 1 in Shields
  5378 | D:6      | Noticed Edmund
  5389 | D:6      | Killed Edmund
  5735 | D:7      | Found Qotoezel's Assorted Antiques.
  5735 | D:7      | Found Pematari's Armour Boutique.
  5735 | D:7      | Found Tima Kago's Jewellery Boutique.
  5851 | D:7      | Reached XP level 9. HP: 75/78 MP: 8/8
  5862 | D:7      | Identified the +3 scimitar of Sulphur {holy, Will+}
  6158 | D:7      | Found a hazy altar of Hepliaklqana.
  6269 | D:7      | Found a staircase to the Ecumenical Temple.
  6276 | Temple   | Entered the Ecumenical Temple
  6374 | Temple   | Became a worshipper of the Shining One
  6374 | Temple   | Reached * piety under the Shining One
  6374 | Temple   | Reached ** piety under the Shining One
  6513 | D:7      | Found a broken altar of Ashenzari.
  6513 | D:7      | Found a radiant altar of Vehumet.
  6514 | D:7      | Found an iron altar of Okawaru.
  6524 | D:7      | HP: 1/78 [ogre/+0 giant club (26)]
  7452 | D:8      | Found a staircase to the Lair.
  7454 | D:8      | Noticed a troll
  7457 | D:8      | Reached skill level 5 in Armour
  7476 | D:8      | Killed a troll
  7478 | D:8      | Reached skill level 5 in Shields
  7515 | D:8      | Paralysed by a centaur for 4 turns
  7517 | D:8      | Shot with an arrow by a centaur

Illustrated notes

Levels and vault maps discovered:
D:1:      tarquinn_simple_flora_water_d, layout_basic,
          shapermc_ecumenical_altar_pompeii, serial_curves, eino_curves_04,
          eino_curves_03, eino_curves_01, eino_curves_03
D:2:      layout_basic
D:3:      cheibrodos_thug_alley, layout_rooms, serial_shops, shop
D:4:      layout_basic, nicolae_underground_beach, uniq_sigmund
D:5:      layout_layer_cave, serial_shops, shop_statue
D:6:      layout_loops_ring, uniq_duvessa, uniq_blork_the_orc, uniq_edmund
D:7:      layout_cave_pods, lemuel_crystal_altar,
          gammafunk_temple_overflow_claw, temple_green, st_stairs_12,
          nicolae_shop_distant_corner_stores
D:8:      layout_rooms, erik_lair_island, gup_ossuary_entry_pyramid,
          minmay_chambers_of_fives
Temple:   minmay_temple_bridge_d

Skill      XL: |  1  2  3  4  5  6  7  8  9 |
---------------+----------------------------+-----
Fighting       | 4 5 6 7 |  7.3
Maces & Flails | 4 5 6 7 10 12 | 12.0
Armour         | 1 2 4 5 |  5.7
Shields        | 3 5 |  5.0
Dodging        | |  3.2

Action                     |  1- 3 |  4- 6 |  7- 9 || total
---------------------------+-------+-------+-------++-------
  Melee: Mace              |    52 |    94 |   183 ||   329
         Headbutt          |     9 |    17 |    68 ||    94
         Dire flail        |       |       |    25 ||    25
    Use: Scroll            |     3 |     6 |     1 ||    10
 Armour: Leather armour    |     3 |       |       ||     3
         Robe              |     1 |       |       ||     1
         Plate armour      |    23 |    53 |   130 ||   206
  Dodge: Dodged            |    17 |    15 |    83 ||   115
  Block: Kite shield       |       |       |     1 ||     1
